Map: Rainfall LE

Players

RipNHammer - Winner!

  • Race: Terran Terran
  • League: Master
  • Spawn Location: 5:00

KingKebob

  • Race: Protoss Protoss
  • League: Master
  • Spawn Location: 11:00

VOD

Have the link to the VOD?

Description

Time

  • Played on: Sept. 7, 2026, 1:27 p.m.
  • Length: 7:41
Show
View Real Time Build Order
Export as new Build Order

RipNHammer Terran - Winner!

Build Orders: Reaper Expand 

Get SALT Encoding   

  8  0:00  SCV  
  9  0:12  SCV  
  10  0:24  SCV  
  11  0:36  SCV  
  11  0:39  Supply Depot  
  12  0:49  SCV  
  13  0:53  Refinery  
  13  1:01  SCV  
  14  1:06  Barracks  
  14  1:13  SCV  
  15  1:25  SCV  
  16  1:37  SCV  
  17  1:52  Orbital Command  
  17  1:54  Reaper  
  18  2:09  Command Center  
  18  2:18  SCV  
  19  2:24  Supply Depot  
  19  2:28  Marine  
  19  2:32  SCV  
  20  2:37  Bunker  
  21  2:44  SCV  
  21  2:49  Barracks Reactor  
  21  2:56  SCV  
  22  3:08  SCV  
  22  3:09  Barracks  
  22  3:11  Barracks  
  23  3:20  SCV  
  23  3:22  Orbital Command  
  23  3:25  Marine  
  23  3:26  Marine  
  26  3:32  SCV  
  27  3:37  Refinery  
  27  3:43  Supply Depot  
  27  3:45  Marine  
  27  3:47  Marine  
  29  3:53  SCV  
  29  3:54  SCV  
  31  3:57  Barracks Tech Lab  
  31  3:59  Barracks Tech Lab  
  31  4:08  Factory  
  31  4:09  SCV  
  32  4:13  Marine x2  
  34  4:20  Marauder x2  
  34  4:22  Concussive Shells  
  38  4:26  Stimpack  
  38  4:31  SCV  
  38  4:55  SCV  
  38  4:58  Marine x2  
  38  4:59  Marauder x2  
  43  5:00  Widow Mine  
  43  5:05  SCV  
  40  5:14  SCV  
  40  5:16  Marine x2  
  40  5:19  Bunker  
  40  5:20  Marauder  
  44  5:21  Combat Shield  
  36  5:35  Marine  
  36  5:36  Marauder  
  36  5:37  SCV  
  36  5:39  SCV  
  41  5:44  Marauder  
  43  5:50  SCV  
  43  5:51  SCV  
  43  5:54  Supply Depot  
  45  6:03  Starport  
  45  6:10  Orbital Command  
  45  6:12  Siege Tank  
  45  6:14  SCV, Barracks Reactor  
  49  6:26  Marine x2, Marauder  
  53  6:35  SCV  
  53  6:36  SCV  
  55  6:42  Supply Depot  
  55  6:44  Marine  
  56  6:47  SCV  
  56  6:49  Supply Depot  
  57  6:57  Marine  
  58  7:03  Marine, Medivac, Marauder  
  58  7:04  SCV  
  58  7:06  Supply Depot, SCV  
  65  7:10  Marine  
  65  7:14  Supply Depot  
  69  7:16  SCV  
  69  7:18  SCV  
  71  7:22  Marine  
  71  7:28  SCV  
Show
View Real Time Build Order
Export as new Build Order

KingKebob Protoss 

Build Orders:  

Get SALT Encoding   

  8  0:00  Probe (Chrono Boost)  
  9  0:12  Probe (Chrono Boost)  
  10  0:20  Probe (Chrono Boost)  
  11  0:26  Probe  
  12  0:33  Pylon  
  12  0:38  Probe  
  13  0:54  Gateway  
  13  0:57  Probe  
  14  1:09  Probe, Assimilator  
  15  1:21  Probe  
  16  1:27  Pylon  
  16  1:33  Probe  
  17  1:45  Probe  
  17  1:46  Cybernetics Core  
  18  1:49  Zealot  
  20  2:04  Probe  
  20  2:06  Assimilator  
  21  2:13  Gateway  
  21  2:16  Probe  
  22  2:23  Warp Gate (Chrono Boost)  
  22  2:25  Stalker  
  24  2:36  Shield Battery  
  24  2:39  Probe  
  25  2:52  Stalker  
  27  3:04  Probe  
  26  3:06  Stalker  
  28  3:16  Gateway  
  28  3:32  Pylon  
  28  3:42  Pylon  
  28  3:45  Probe (Chrono Boost)  
  29  3:55  Probe (Chrono Boost)  
  30  3:56  Sentry x2  
  34  4:07  Stalker  
  36  4:20  Stalker  
  36  4:23  Stalker  
  36  4:46  Stalker x2  
  31  5:11  Stalker x3  
  31  5:13  Probe  
  24  5:45  Sentry x2  
  24  5:47  Nexus  
  24  5:48  Sentry  
  30  5:51  Probe (Chrono Boost)  
  31  6:01  Probe (Chrono Boost)  
  32  6:06  Robotics Facility  
  32  6:08  Probe (Chrono Boost)  
  33  6:18  Pylon  
  34  6:20  Probe (Chrono Boost)  
  34  6:25  Probe (Chrono Boost)  
  34  6:30  Twilight Council  
  35  6:38  Probe  
  36  6:52  Probe (Chrono Boost)  
  36  6:53  Robotics Bay  
  37  6:59  Probe (Chrono Boost)  
  38  7:03  Observer  
  38  7:08  Probe x2 (Chrono Boost)  
  41  7:11  Assimilator  
  41  7:13  Probe (Chrono Boost)  
  41  7:14  Probe  
  43  7:16  Assimilator  
  43  7:27  Probe  
  43  7:28  Zealot  
  43  7:29  Zealot  
Tags
 
Matchup
PvT
Replay Pack
RipNHammer
Spawn Locations
Cross Positions
Add a new tag
Caveats
  • Supply blocks, unpowered buildings, or Contaminate may cause inaccurate times.
  • Supply counts are checked every 10 seconds.